 Dungeon Crawl Stone Soup version 0.22-a0-402-ga933591 (webtiles) character file.

22 Kairos the Vexing (level 2, -2/23 HPs)
             Began as a Gnoll Arcane Marksman on May 6, 2018.
             Slain by a jackal (3 damage)
             ... on level 1 of the Dungeon.
             The game lasted 00:00:48 (226 turns).

Kairos the Vexing (Gnoll Arcane Marksman)            Turns: 226, Time: 00:00:49

Health: -2/23      AC:  2    Str: 12    XL:     2   Next: 91%
Magic:  5/5        EV: 14    Int: 15    God:
Gold:   23         SH:  0    Dex: 15    Spells: 5/6 levels left

rFire    . . .     SeeInvis .   b - +0 flail
rCold    . . .     Gourm    .   (no shield)
rNeg     . . .     Faith    .   e - +0 robe
rPois    .         Spirit   .   (no helmet)
rElec    .         Reflect  .   (no cloak)
rCorr    .         Harm     .   (no gloves)
MR       .....                  (no boots)
Stlth    ++........             (no amulet)
HPRegen  0.07/turn              (no ring)
MPRegen  0.09/turn              (no ring)

@: no status effects
A: distributed training, fangs 1, strong nose
a: no special abilities


You were on level 1 of the Dungeon.
You were not hungry.

You visited 1 branch of the dungeon, and saw 1 of its levels.

You collected 23 gold pieces.

Inventory:

Hand Weapons
 a - a +0 hunting sling
 b - a +0 flail (weapon)
Missiles
 c - 2 stones (quivered)
 d - 6 sling bullets
Armour
 e - a +0 robe (worn)
Potions
 g - a potion of lignification {unknown}
Comestibles
 f - 2 rations


   Skills:
 + Level 2.5 Fighting
 + Level 0.5 Short Blades
 + Level 0.5 Long Blades
 + Level 0.5 Axes
 + Level 0.5 Maces & Flails
 + Level 0.5 Polearms
 + Level 0.5 Staves
 + Level 4.5 Slings
 + Level 0.5 Bows
 + Level 0.5 Crossbows
 + Level 0.5 Throwing
 + Level 0.5 Armour
 + Level 4.5 Dodging
 + Level 0.5 Stealth
 + Level 0.5 Shields
 + Level 0.5 Unarmed Combat
 + Level 2.7 Spellcasting
 + Level 0.4 Conjurations
 + Level 5.4 Hexes
 + Level 0.4 Charms
 + Level 0.4 Summonings
 + Level 0.4 Necromancy
 + Level 0.4 Translocations
 + Level 0.4 Transmutations
 + Level 0.4 Fire Magic
 + Level 0.4 Ice Magic
 + Level 0.4 Air Magic
 + Level 0.4 Earth Magic
 + Level 0.4 Poison Magic
 + Level 0.7 Invocations
 + Level 0.5 Evocations


You had 5 spell levels left.
You knew the following spells:

 Your Spells              Type           Power        Failure   Level  Hunger
a - Corona                Hex            ###....      2%          1    #......


Dungeon Overview and Level Annotations

Branches:
Dungeon (1/15)

Altars:


Innate Abilities, Weirdness & Mutations

Your experience applies equally to all skills.
You have very sharp teeth.
Your uncanny sense of smell can sniff out nearby items.


Message History

You are too injured to fight recklessly!
You are too injured to fight recklessly!
You are too injured to fight recklessly!
The jackal bites you.
* * * LOW HITPOINT WARNING * * *
The jackal bites you but does no damage.
The jackal misses you. The giant cockroach closely misses you.
Found 14 stones.
The jackal barely misses you. The jackal barely misses you.
Found 13 gold pieces.
The giant cockroach misses you. The jackal bites you.
* * * LOW HITPOINT WARNING * * *
The jackal closely misses you.
The giant cockroach bites you but does no damage.
The jackal closely misses you. The jackal bites you.
You die...

....#...........
....#..................
............$....#.....
.......#.........#.....
.......#.........#....
.....................
.........>........######
...........K...s........
#............g.h@..#
.............##....##
#######......##.......#
.............#....##..#
....##.......#....##..#
....##.#....##........#
......†#†...##....###.#
.).............#......# ...
.............###......#.....


You could see a gnoll, a jackal, a giant cockroach and a kobold.

Vanquished Creatures
  A gnoll (D:1)
  A giant cockroach (D:1)
  A hobgoblin (D:1)
  3 jackals (D:1)
  3 kobolds (D:1)
  A ball python (D:1)
  A frilled lizard (D:1)
11 creatures vanquished.

Notes
Turn   | Place    | Note
-------+----------+-------------------------------------------
     0 | D:1      | Kairos the Gnoll Arcane Marksman began the quest for the Orb.
     0 | D:1      | Reached XP level 1. HP: 17/17 MP: 4/4
    38 | D:1      | Reached XP level 2. HP: 23/23 MP: 5/5
   219 | D:1      | HP: 1/23 [jackal (2)]
   226 | D:1      | Slain by a jackal

Vault maps used:
D:1:      saegor_arrival_under_anarchy, minmay_tetromino_o4

Action                   || total
-------------------------++-------
Melee: Flail             ||     6
 Fire: Hunting sling     ||    51
Armor: Robe              ||     4
Dodge: Dodged            ||    32

Table legend:
 A = Spawn XP
 B = Non-spawn XP
 C = Spawn XP percentage of total XP
 D = Spawn monster count
 E = Non-spawn monster count
 F = Spawn count percentage of total count
 G = Total turns spent on level
                    A         B        C        D         E        F      G
               +---------+---------+-------+---------+---------+-------+---------
         Total |       0 |      32 |   0.0 |       0 |      11 |   0.0 |   226
               +---------+---------+-------+---------+---------+-------+---------
           D:1 |       0 |      32 |   0.0 |       0 |      11 |   0.0 |   226
               +---------+---------+-------+---------+---------+-------+---------
